 Dungeon Crawl Stone Soup version 0.22-a0-284-g99d1f7439c (webtiles) character file.

1236 Infinimo the Grappler (level 8, -12/56 HPs)
             Began as a Demonspawn Gladiator on Mar 21, 2018.
             Was a Believer of Okawaru.
             Mangled by an orc warrior
             ... wielding a +0 trident
              (19 damage)
             ... in the Ecumenical Temple.
             The game lasted 00:06:29 (6717 turns).

Infinimo the Grappler (Demonspawn Gladiator)        Turns: 6717, Time: 00:06:29

Health: -12/56     AC: 10    Str: 21    XL:     8   Next: 24%
Magic:  8/8        EV: 12    Int: 11    God:    Okawaru [**....]
Gold:   252        SH:  0    Dex: 14    Spells: 7/7 levels left

rFire    . . .     SeeInvis .     - Unarmed
rCold    . . .     Gourm    .   (no shield)
rNeg     . . .     Faith    .   i - +0 ring mail
rPois    .         Spirit   .   s - +0 helmet
rElec    .         Reflect  .   u - +0 cloak (curse)
rCorr    .         Harm     .   p - +1 pair of gloves
MR       .....                  a - +0 pair of boots
Stlth    ++........             (no amulet)
HPRegen  0.18/turn              g - ring of wizardry
MPRegen  0.11/turn              (no ring)

@: mighty
A: claws 2, nightstalker 1, spiny 1
a: Heroism, Renounce Religion


You were in the Ecumenical Temple.
You worshipped Okawaru.
Okawaru was pleased with you.
You were near starving.

You visited 2 branches of the dungeon, and saw 7 of its levels.

You collected 252 gold pieces.

Inventory:

Missiles
 d - 5 throwing nets (quivered)
Armour
 a - a +0 pair of boots (worn)
 i - a +0 ring mail (worn)
 p - a +1 pair of gloves (worn)
 s - a +0 helmet (worn)
 u - a cursed +0 cloak (worn)
Jewellery
 g - a ring of wizardry (left hand)
 o - a +3 ring of protection {unknown}
Wands
 c - a wand of flame (26)
Scrolls
 b - 3 scrolls of enchant weapon
 e - 3 scrolls of remove curse
 t - a scroll of identify
Potions
 h - 2 potions of lignification
 j - 4 potions of curing
 k - a potion of resistance {unknown}
 l - a potion of agility
 m - a potion of degeneration {unknown}
 n - 5 potions of haste
 v - 2 potions of cancellation {unknown}
 w - 2 potions of heal wounds {unknown}
Comestibles
 f - 10 rations


   Skills:
 - Level 2.0 Fighting
   Level 3.3 Long Blades
 - Level 1.7 Throwing
 - Level 2.6 Dodging
 * Level 8.8 Unarmed Combat


You had 7 spell levels left.
You didn't know any spells.

Dungeon Overview and Level Annotations

Branches:
Dungeon (6/15)             Temple (1/1) D:6

Altars:
Ashenzari
Elyvilon
Gozag
Hepliaklqana
Okawaru
Xom
Yredelemnul
Zin
The Shining One


Innate Abilities, Weirdness & Mutations

You have very sharp fingernails.
You are slightly more attuned to the shadows.
You are partially covered in sharp spines.


Message History

There is an open door here.
The orc warrior is too close now for your liking.
An orc warrior is nearby!
An orc warrior is nearby!
The orc warrior shouts!
You hear a shout! x3; The orc priest shouts!
There is an open door here.
There is a staircase to the Ecumenical Temple here.
The orc warrior hits you from afar with a trident!
The orc priest invokes the aid of Beogh against you.
Beogh smites you!
The orc warrior hits you with a trident!
There is a staircase to the Ecumenical Temple, spattered with blood here.
The orc warrior is struck by your spines.
The orc warrior hits you with a trident!
* * * LOW HITPOINT WARNING * * *
You climb downwards.
Welcome to the Ecumenical Temple!
There is a staircase back to the Dungeon here.
You feel very mighty all of a sudden.
The orc warrior hits you with a trident!!
You die...

#####
#+...+#
#..o..#
#..@..#
#.....#
#+...+#
#####


You could see an orc warrior.

Vanquished Creatures
  The ghost of aredel the Skirmisher, an amateur NaFi (D:4)
  A sky beast (D:4)
  An ogre (D:6)
  A centaur (D:6)
  A bullfrog (D:6)
  A wyvern skeleton (D:6)
  A scorpion (D:5)
  A howler monkey (D:4)
  2 electric eels (D:4)
  An orc wizard (D:3)
  A centaur skeleton (D:5)
  6 hounds
  Crazy Yiuf (D:4)
  A bullfrog skeleton (D:4)
  2 worker ants (D:5)
  An iguana (D:5)
  Robin (D:3)
  3 gnolls (D:3)
  7 adders
  An ooze (D:3)
  An adder skeleton (D:6)
  A worm (D:2)
  2 dart slugs (D:3)
  3 leopard geckos
  6 orcs
  4 bats
  3 giant cockroaches
  10 goblins
  10 hobgoblins
  2 quokkas
  3 frilled lizards
  8 kobolds
  5 rats
93 creatures vanquished.

Vanquished Creatures (others)
  A plant (D:4)
1 creature vanquished.

Grand Total: 94 creatures vanquished

Notes
Turn   | Place    | Note
-------+----------+-------------------------------------------
     0 | D:1      | Infinimo the Demonspawn Gladiator began the quest for the Orb.
     0 | D:1      | Reached XP level 1. HP: 16/16 MP: 1/1
   527 | D:1      | Gained mutation: You have sharp fingernails. [demonic ancestry]
   527 | D:1      | Reached XP level 2. HP: 22/22 MP: 2/2
  1097 | D:2      | Reached skill level 1 in Unarmed Combat
  1222 | D:2      | Gained mutation: You are partially covered in sharp spines. [demonic ancestry]
  1222 | D:2      | Reached XP level 3. HP: 6/27 MP: 3/3
  1241 | D:2      | HP: 1/27 [poisoned by an adder]
  1639 | D:2      | Found an iron altar of Okawaru.
  1639 | D:2      | Found a hazy altar of Hepliaklqana.
  1650 | D:2      | Became a worshipper of Warmaster Okawaru
  1692 | D:2      | Reached skill level 2 in Unarmed Combat
  2555 | D:3      | Reached XP level 4. HP: 11/33 MP: 4/4
  2556 | D:3      | Reached skill level 3 in Unarmed Combat
  2871 | D:3      | Noticed Robin
  2875 | D:3      | Killed Robin
  3045 | D:3      | Gained mutation: You are slightly more attuned to the shadows. [demonic ancestry]
  3045 | D:3      | Reached XP level 5. HP: 31/38 MP: 5/5
  3206 | D:3      | Reached skill level 4 in Unarmed Combat
  3648 | D:3      | Found a glowing silver altar of Zin.
  3659 | D:4      | Found a transporter.
  3686 | D:4      | Found an opulent altar of Gozag.
  3724 | D:4      | Noticed aredel's ghost (amateur NaFi)
  3734 | D:4      | Killed aredel's ghost
  3734 | D:4      | Reached skill level 5 in Unarmed Combat
  3734 | D:4      | Reached XP level 6. HP: 44/44 MP: 6/6
  3987 | D:4      | Found a shimmering altar of Xom.
  3997 | D:4      | Noticed a sky beast
  4007 | D:4      | Killed a sky beast
  4007 | D:4      | Reached * piety under Okawaru
  4007 | D:4      | Reached skill level 6 in Unarmed Combat
  4134 | D:4      | Gained mutation: You have very sharp fingernails. [demonic ancestry]
  4134 | D:4      | Reached XP level 7. HP: 41/50 MP: 7/7
  4219 | D:4      | Found a transporter.
  4277 | D:4      | Found a shattered altar of Ashenzari.
  4484 | D:4      | Found a runed door.
  4667 | D:4      | Noticed Crazy Yiuf
  4674 | D:4      | Killed Crazy Yiuf
  5166 | D:5      | Entered Level 5 of the Dungeon
  5193 | D:5      | Found a glowing golden altar of the Shining One.
  5199 | D:5      | Reached skill level 7 in Unarmed Combat
  5621 | D:5      | Found a white marble altar of Elyvilon.
  5674 | D:5      | Found a basalt altar of Yredelemnul.
  5794 | D:6      | Reached ** piety under Okawaru
  5794 | D:6      | Reached skill level 8 in Unarmed Combat
  5803 | D:6      | Reached XP level 8. HP: 41/56 MP: 8/8
  6686 | D:6      | Found a staircase to the Ecumenical Temple.
  6716 | Temple   | Entered the Ecumenical Temple
  6717 | Temple   | Mangled by an orc warrior

Vault maps used:
D:1:      dpeg_arrival_erosion
D:2:      gammafunk_temple_overflow_pools
D:3:      zin_statuary, uniq_robin
D:4:      gammafunk_steamed_eel, kennysheep_mini_moat, xom_teletrap_fun,
          nicolae_gozag_cash_rules_everything_around_me, serial_corexii_hall,
          corexii_hall_statues_x, corexii_hall_statues_i,
          corexii_hall_statues_i, corexii_hall_statues_deadend,
          uniq_crazy_yiuf_cottage
D:5:      kennysheep_ying_yang, basic_altar, first_ration, minmay_crystal_room,
          st_stairs_4
D:6:      temple_doors_e, uniq_sigmund, uniq_eustachio
Temple:   nicolae_temple_figure_zero

Skill      XL: |  1  2  3  4  5  6  7 |
---------------+----------------------+-----
Long Blades    | 3 |  3.3
Unarmed Combat | 1 2 3 5 6 8 |  8.8
Fighting       | |  2.0
Throwing       | |  1.7
Dodging        | |  2.6

Action                   |  1- 3 |  4- 6 |  7- 9 || total
-------------------------+-------+-------+-------++-------
Melee: Long sword        |   128 |    32 |       ||   160
       Punch             |     1 |       |     4 ||     5
       Unarmed           |       |    62 |    84 ||   146
Evoke: Wand              |       |       |     5 ||     5
  Use: Scroll            |     9 |       |     5 ||    14
       Potion            |       |     2 |     1 ||     3
 Stab: Sleeping          |     1 |       |     2 ||     3
  Eat: Chunk             |     4 |     6 |     3 ||    13
       Ration            |       |       |     1 ||     1
Armor: Leather armour    |    12 |       |       ||    12
       Ring mail         |    33 |    30 |    31 ||    94
       Skin              |       |     5 |       ||     5
Dodge: Dodged            |    68 |    37 |    34 ||   139
       Rpst.: Long sword |    15 |     4 |       ||    19

Table legend:
 A = Spawn XP
 B = Non-spawn XP
 C = Spawn XP percentage of total XP
 D = Spawn monster count
 E = Non-spawn monster count
 F = Spawn count percentage of total count
 G = Total turns spent on level
                    A         B        C        D         E        F      G
               +---------+---------+-------+---------+---------+-------+---------
         Total |       0 |    1767 |   0.0 |       0 |      93 |   0.0 |  6717
               +---------+---------+-------+---------+---------+-------+---------
           D:1 |       0 |      25 |   0.0 |       0 |      14 |   0.0 |  1061
           D:2 |       0 |      61 |   0.0 |       0 |      21 |   0.0 |  1417
           D:3 |       0 |     165 |   0.0 |       0 |      27 |   0.0 |  1181
           D:4 |       0 |     686 |   0.0 |       0 |      13 |   0.0 |  1507
           D:5 |       0 |     347 |   0.0 |       0 |      11 |   0.0 |   613
           D:6 |       0 |     483 |   0.0 |       0 |       7 |   0.0 |   937
               +---------+---------+-------+---------+---------+-------+---------
